 Dungeon Crawl Stone Soup version 0.31-a0-1570-g93c622d222 (webtiles) character file.

Game seed: 5653056589649351607

8147 graki42 the Destroyer (level 11, -1/82 HPs)
             Began as a Gnoll Conjurer on Jan 3, 2024.
             Was a Believer of Sif Muna.
             Slain by a shadow (4 damage)
             ... summoned by an orange crystal statue
             ... on level 10 of the Dungeon.
             The game lasted 00:35:10 (11235 turns).

graki42 the Destroyer (Gnoll Conjurer)             Turns: 11235, Time: 00:35:11

Health: -1/82      AC:  7    Str:  7    XL:     11   Next: 26%
Magic:  14/23      EV: 14    Int: 28    God:    Sif Muna [**....]
Gold:   355        SH:  5    Dex: 10    Spells: 15/26 levels left

rFire   . . .        n - staff of conjuration
rCold   . . .        (no shield)
rNeg    . . .        D - +2 robe {Will+}
rPois   .            (no helmet)
rElec   .            (no cloak)
rCorr   .            g - +0 pair of gloves
SInv    .            o - +0 pair of boots
Will    +....        c - amulet of reflection
Stlth   +++          h - +6 ring of intelligence
HPRegen 0.33/turn    (no ring)
MPRegen 0.18/turn

%: reflection
@: lethally poisoned (-1 -> -4), channelling, slowed, very slow
A: fangs 1, strong nose, distributed training
a: Renounce Religion, Channel Magic


You were on level 10 of the Dungeon.
You worshipped Sif Muna.
Sif Muna was pleased with you.
You visited 2 branches of the dungeon, and saw 11 of its levels.
You also visited: Sewer.

You collected 553 gold pieces.
You spent 198 gold pieces at shops.

Inventory:

Hand Weapons
 e - a +1 dagger of venom
Armour
 b - a +0 troll leather armour {Pargi}
 g - a +0 pair of gloves (worn)
 o - a +0 pair of boots (worn)
 D - a +2 robe of willpower (worn)
Magical Staves
 n - a staff of conjuration (weapon)
Jewellery
 c - an amulet of reflection (around neck)
 h - a +6 ring of intelligence (left hand)
Wands
 l - a wand of light (12)
 t - a wand of roots (2)
 C - a wand of polymorph (1)
 F - a wand of charming (7)
 H - a wand of mindburst (1)
Scrolls
 a - 2 scrolls of identify
 d - 2 scrolls of fog
 f - a scroll of silence
 i - 3 scrolls of fear {unknown}
 k - 4 scrolls of blinking
 m - 3 scrolls of immolation
 q - a scroll of butterflies
 x - 3 scrolls of noise {unknown}
 y - a scroll of amnesia {unknown}
 A - 2 scrolls of brand weapon
 B - a scroll of torment {unknown}
 G - a scroll of poison
Potions
 p - a potion of mutation {unknown}
 r - a potion of heal wounds
 s - a potion of resistance
 u - a potion of enlightenment {unknown}
 v - 6 potions of attraction {unknown}
 w - 2 potions of might {unknown}
 z - 2 potions of invisibility {unknown}
 E - a potion of curing {unknown}


   Skills:
 + Level 6.3 Fighting
 + Level 6.3 Short Blades
 + Level 6.3 Long Blades
 + Level 6.3 Axes
 + Level 6.3 Maces & Flails
 + Level 6.3 Polearms
 + Level 6.3 Staves
 + Level 6.3 Ranged Weapons
 + Level 6.3 Throwing
 + Level 6.3 Armour
 + Level 7.9 Dodging
 + Level 7.7 Stealth
 + Level 6.3 Shields
 + Level 6.3 Unarmed Combat
 + Level 8.2 Spellcasting
 + Level 9.0 Conjurations
 + Level 5.2 Hexes
 + Level 5.2 Summonings
 + Level 5.2 Necromancy
 + Level 5.2 Translocations
 + Level 5.2 Fire Magic
 + Level 5.2 Ice Magic
 + Level 5.2 Air Magic
 + Level 5.2 Earth Magic
 + Level 5.2 Alchemy
 + Level 7.0 Invocations
 + Level 6.3 Evocations
 + Level 5.8 Shapeshifting


You had 15 spell levels left.
You knew the following spells:

 Your Spells              Type           Power      Damage    Failure   Level
a - Magic Dart            Conj           100%       1d8       1%          1
b - Searing Ray           Conj           100%       2d8       1%          2
c - Fulminant Prism       Conj/Alch      33%        3d15      2%          4
d - Iskenderun's Mystic   Conj/Tloc      67%        2d14      2%          4

Your spell library contained the following spells:

 Spells                   Type           Power      Damage    Failure   Level
 Shock                    Conj/Air       100%       1d9       1%          1
 Lesser Beckoning         Tloc           82%        N/A       1%          2
 Scorch                   Fire           82%        2d8       1%          2
 Call Canine Familiar     Summ           41%        N/A       1%          3
 Gell's Gravitas          Tloc           41%        N/A       1%          3
 Hailstorm                Conj/Ice       67%        3d12      1%          3
 Sigil of Binding         Hex            41%        N/A       1%          3
 Summon Ice Beast         Ice/Summ       41%        N/A       1%          3
 Swiftness                Air            41%        N/A       1%          3
 Teleport Other           Tloc           41%        N/A       1%          3
 Flame Wave               Conj/Fire      67%        2d15      2%          4
 Airstrike                Air            20%        2d(3-19)  5%          4
 Animate Dead             Necr           41%        N/A       5%          4
 Dimensional Bullseye     Hex/Tloc       20%        N/A       5%          4
 Sculpt Simulacrum        Ice/Alch       20%        N/A       65%         6
 Summon Cactus Giant      Summ           20%        N/A       65%         6
 Haunt                    Necr/Summ      20%        N/A       99%         7
 Infestation              Necr           20%        N/A       100%        8


Dungeon Overview and Level Annotations

Branches:
Dungeon (10/15)            Temple (1/1) D:5            Lair (0/5) D:9
    Orc (0/2) D:10          Sewer (visited)

Altars:
Ashenzari
Cheibriados
Dithmenos
Elyvilon
Fedhas
Gozag
Hepliaklqana
Kikubaaqudgha
Makhleb
Nemelex Xobeh
Okawaru
Qazlal
Ru
Sif Muna
Trog
Uskayaw
Vehumet
Wu Jian
Xom
Yredelemnul
Zin
The Shining One

Shops:
D:6 (   D:7 [   D:8 [

Annotations:
D:10 3 runed translucent doors, exclusion: orange crystal statue, PanSaczeczos's ghost, novice NaDe


Innate Abilities, Weirdness & Mutations

You have very sharp teeth.
Your uncanny sense of smell can sniff out nearby items.
Your experience applies equally to all skills.


Message History

As you read the scroll of teleportation, it crumbles to dust.
You feel strangely unstable.
The orc warrior hits you from afar with a +0 trident.
You block the orc's attack.
Casting: Fulminant Prism (dangerous; 2% risk of failure)
Confirm with . or Enter, or press ? or * to list all spells.
You feel a surge of power!
You erupt in a blast of force!
The mystic blast hits the orc warrior.
The orc warrior is lightly wounded.
The orc warrior is knocked back by the mystic blast.
The mystic blast hits the orc.
The orc is almost dead.
The orc is knocked back by the mystic blast.
The mystic blast hits the orc wizard!
You kill the orc wizard!
The orc wizard's corpse dissolves into shadows!
The mystic blast hits the orc!!
You kill the orc!
The orc's corpse dissolves into shadows!
The orange crystal statue glitters.
Unknown command.
The orc warrior dissolves into shadows!
Your surroundings suddenly seem different.
The hornet stings you!
You are poisoned.
You feel yourself slow down. The hornet closely misses you.
The komodo dragon bites you!!
Your magical contamination has completely faded away.
You feel very sick.
The orange crystal statue glitters.
You easily resist.
The hornet barely misses you. The shadow hits you.
The komodo dragon bites you!!
* * * LOW HITPOINT WARNING * * *
The hornet stings you!
* * * LOW HITPOINT WARNING * * *
You feel as though you will be slow longer.
* * * LOW HITPOINT WARNING * * *
You feel sick. The hornet barely misses you. You block the orc's attack.
The shadow hits you.
You die...

#.#..##.# #.............##..
#.......# #.............##..
###..######.............##..
#..# ##........########.. #..#
#..######## #.. ########..#
##......# #.. .......).)#
#......## #.. #########)#
###.oW..## ### ##)###.##@l...#
##### #..##...##y(...# #....
######.##.....##..8.:# #....
.........##.....##...## #....
.........# #.....##?## #....
.........####.....### #....
............##......# ####....
........###)....)..######.......
........# ##....#...............


You could see an orange crystal statue, a komodo dragon (summoned), a hornet
(summoned), a shadow (summoned) and an orc (summoned).

Vanquished Creatures
  A boulder beetle (D:8)
  A two-headed ogre (D:9)
  An obsidian statue (D:10)
  A troll (D:9)
  2 wyverns
  11 yaks (D:10)
  An acid dragon (D:9)
  A water moccasin (D:8)
  5 orc warriors
  Pargi (Sewer)
  3 black bears
  3 sky beasts
  4 wolves (D:9)
  3 ogres
  A centaur (D:10)
  A phantom (D:4)
  3 kobold brigands
  A brain worm (Sewer)
  3 scorpions
  7 wights
  4 killer bees (D:7)
  2 electric eels (D:9)
  5 bombardier beetles
  5 howler monkeys
  2 hounds
  A jelly (D:4)
  4 iguanas
  6 orc priests
  A sleepcap (D:5)
  Ijyb (D:3)
  2 gnoll boudas
  6 orc wizards
  4 gnolls (D:6)
  9 adders
  A shadow imp (D:8)
  A white imp (D:4)
  3 ribbon worms
  2 dart slugs (D:1)
  35 orcs
  6 endoplasms
  7 giant cockroaches
  7 goblins
  8 hobgoblins
  21 kobolds
  5 quokkas
  7 ball pythons
  6 bats
  8 frilled lizards
  7 rats
230 creatures vanquished.

Vanquished Creatures (others)
  31 fulminant prisms
31 creatures vanquished.

Grand Total: 261 creatures vanquished

Notes
Turn   | Place    | Note
-------+----------+-------------------------------------------
     0 | D:1      | graki42 the Gnoll Conjurer began the quest for the Orb.
     0 | D:1      | Reached XP level 1. HP: 13/13 MP: 6/6
    80 | D:1      | Reached XP level 2. HP: 12/19 MP: 3/7
    85 | D:1      | Learned a level 2 spell: Searing Ray
   212 | D:1      | Found a faded altar of an unknown god.
   484 | D:1      | Reached skill level 5 in Spellcasting
   484 | D:1      | Reached XP level 3. HP: 13/25 MP: 6/9
  1027 | D:2      | Reached skill level 1 in Invocations
  1298 | D:2      | Reached skill level 1 in Fighting
  1298 | D:2      | Reached skill level 1 in Short Blades
  1298 | D:2      | Reached skill level 1 in Long Blades
  1298 | D:2      | Reached skill level 1 in Axes
  1298 | D:2      | Reached skill level 1 in Maces & Flails
  1298 | D:2      | Reached skill level 1 in Polearms
  1298 | D:2      | Reached skill level 1 in Staves
  1298 | D:2      | Reached skill level 1 in Ranged Weapons
  1298 | D:2      | Reached skill level 1 in Throwing
  1298 | D:2      | Reached skill level 1 in Armour
  1298 | D:2      | Reached skill level 1 in Shields
  1298 | D:2      | Reached skill level 1 in Unarmed Combat
  1298 | D:2      | Reached skill level 1 in Evocations
  1383 | D:2      | Reached skill level 1 in Shapeshifting
  1383 | D:2      | Reached XP level 4. HP: 31/32 MP: 11/11
  1507 | D:2      | Reached skill level 1 in Hexes
  1507 | D:2      | Reached skill level 1 in Summonings
  1507 | D:2      | Reached skill level 1 in Necromancy
  1507 | D:2      | Reached skill level 1 in Translocations
  1507 | D:2      | Reached skill level 1 in Fire Magic
  1507 | D:2      | Reached skill level 1 in Ice Magic
  1507 | D:2      | Reached skill level 1 in Air Magic
  1507 | D:2      | Reached skill level 1 in Earth Magic
  1507 | D:2      | Reached skill level 1 in Alchemy
  1531 | D:2      | Reached XP level 5. HP: 37/37 MP: 12/12
  1996 | D:3      | Found an ancient bone altar of Kikubaaqudgha.
  1997 | D:3      | Found an opulent altar of Gozag.
  2001 | D:3      | Found a basalt altar of Yredelemnul.
  2003 | D:3      | Found a stormy altar of Qazlal.
  2003 | D:3      | Found an iron altar of Okawaru.
  2003 | D:3      | Found a hide-covered altar of Uskayaw.
  2003 | D:3      | Found a white marble altar of Elyvilon.
  2004 | D:3      | Found a shadowy altar of Dithmenos.
  2004 | D:3      | Found a blossoming altar of Fedhas.
  2005 | D:3      | Found a shimmering altar of Xom.
  2006 | D:3      | Found a hazy altar of Hepliaklqana.
  2007 | D:3      | Found a burning altar of Makhleb.
  2008 | D:3      | Found a bloodstained altar of Trog.
  2082 | D:3      | Noticed Ijyb
  2095 | D:3      | Killed Ijyb
  2227 | D:3      | Found a glowing silver altar of Zin.
  3308 | D:4      | Noticed an ogre
  3309 | D:4      | Noticed a black bear
  3318 | D:4      | Killed an ogre
  3319 | D:4      | Reached skill level 5 in Dodging
  3319 | D:4      | Reached XP level 6. HP: 44/44 MP: 8/14
  3357 | D:4      | Killed a black bear
  3388 | D:4      | Learned a level 4 spell: Fulminant Prism
  3393 | D:4      | Learned a level 4 spell: Iskenderun's Mystic Blast
  3497 | D:4      | Reached XP level 7. HP: 48/51 MP: 9/15
  3730 | D:4      | Found a glowing drain.
  3750 | Sewer    | Entered a sewer
  3839 | Sewer    | Noticed Pargi
  3849 | Sewer    | Killed Pargi
  3850 | Sewer    | Reached skill level 5 in Stealth
  4178 | D:4      | Reached XP level 8. HP: 58/58 MP: 9/16
  4494 | D:5      | Entered Level 5 of the Dungeon
  4974 | D:5      | Found a staircase to the Ecumenical Temple.
  4983 | Temple   | Entered the Ecumenical Temple
  4997 | Temple   | Became a worshipper of Sif Muna the Loreminder
  5274 | D:5      | Identified the +0 robe "Deusches" {*Slow Dex-3 Slay+4 SInv}
  5538 | D:6      | Noticed a wyvern
  5677 | D:6      | Reached XP level 9. HP: 65/65 MP: 13/18
  5767 | D:6      | Found Hitwitos's Antique Weapon Boutique.
  6485 | D:6      | Reached * piety under Sif Muna
  6498 | D:6      | Reached skill level 8 in Conjurations
  7124 | D:7      | Reached skill level 5 in Invocations
  7759 | D:7      | Reached ** piety under Sif Muna
  8180 | D:7      | Found Naovuz Yrchu's Antique Armour Emporium.
  8263 | D:8      | Found Ukiqooq's Antique Armour Shoppe.
  8263 | D:8      | Noticed a boulder beetle
  8281 | D:8      | Killed a boulder beetle
  8282 | D:8      | Reached skill level 5 in Fighting
  8282 | D:8      | Reached skill level 5 in Short Blades
  8282 | D:8      | Reached skill level 5 in Long Blades
  8282 | D:8      | Reached skill level 5 in Axes
  8282 | D:8      | Reached skill level 5 in Maces & Flails
  8282 | D:8      | Reached skill level 5 in Polearms
  8282 | D:8      | Reached skill level 5 in Staves
  8282 | D:8      | Reached skill level 5 in Ranged Weapons
  8282 | D:8      | Reached skill level 5 in Throwing
  8282 | D:8      | Reached skill level 5 in Armour
  8282 | D:8      | Reached skill level 5 in Shields
  8282 | D:8      | Reached skill level 5 in Unarmed Combat
  8282 | D:8      | Reached skill level 5 in Evocations
  8282 | D:8      | Reached XP level 10. HP: 13/74 MP: 8/20
  9164 | D:8      | Bought a runed robe for 99 gold pieces
  9164 | D:8      | Bought an embroidered robe for 99 gold pieces
  9482 | D:9      | Noticed a two-headed ogre
  9509 | D:9      | Killed a two-headed ogre
  9510 | D:9      | Reached skill level 5 in Shapeshifting
  9637 | D:9      | Found a staircase to the Lair.
 10082 | D:10     | Entered Level 10 of the Dungeon
 10173 | D:10     | Found a staircase to the Orcish Mines.
 10364 | D:10     | Reached skill level 5 in Hexes
 10364 | D:10     | Reached skill level 5 in Summonings
 10364 | D:10     | Reached skill level 5 in Necromancy
 10364 | D:10     | Reached skill level 5 in Translocations
 10364 | D:10     | Reached skill level 5 in Fire Magic
 10364 | D:10     | Reached skill level 5 in Ice Magic
 10364 | D:10     | Reached skill level 5 in Air Magic
 10364 | D:10     | Reached skill level 5 in Earth Magic
 10364 | D:10     | Reached skill level 5 in Alchemy
 10364 | D:10     | Reached XP level 11. HP: 71/81 MP: 5/22
 10739 | D:10     | Noticed an obsidian statue
 10755 | D:10     | Killed an obsidian statue
 10759 | D:10     | Reached *** piety under Sif Muna
 10798 | D:10     | Found a runed translucent gate.
 10823 | D:10     | Reached skill level 9 in Conjurations
 10960 | D:10     | Found a runed translucent gate.
 10961 | D:10     | Found a runed translucent gate.
 10964 | D:10     | Noticed PanSaczeczos's ghost (novice NaDe)
 11216 | D:10     | Noticed an orange crystal statue
 11235 | D:10     | HP: 3/82 [poisoned by a hornet]
 11235 | D:10     | Slain by a shadow

Illustrated notes

Levels and vault maps discovered:
D:1:      minmay_arrival_radiant_lines, layout_basic,
          dreamdust_ecumenical_altar_angels_and_demons
D:2:      layout_basic, minmay_misc_feat_alley, item_on_display_a
D:3:      minmay_chambers_of_twos, layout_basic, zin_scriptorium, minitemple,
          kennysheep_generic_room_9, uniq_ijyb
D:4:      layout_basic, portal_sewer_entry_a
D:5:      kennysheep_six_static_rooms, layout_gridville,
          minmay_temple_entry_large_hall, hangedman_decor_clover_reticule,
          kennysheep_generic_room_13
D:6:      layout_basic, serial_shops, shop
D:7:      layout_layer_cave, serial_shops, shop
D:8:      layout_loops_ring, serial_shops, shop
D:9:      layout_long_grid, erik_lair_island
D:10:     minmay_separated_statues, layout_basic, david_orc_3,
          gammafunk_ghost_spectres
Temple:   nicolae_temple_colour_theory

Skill      XL: |  1  2  3  4  5  6  7  8  9 10 11 |
---------------+----------------------------------+-----
Spellcasting   | 5 6 7 8 |  8.2
Invocations    | 1 2 3 4 5 6 7 |  7.0
Fighting       | 1 2 3 5 6 |  6.3
Short Blades   | 1 2 3 5 6 |  6.3
Long Blades    | 1 2 3 5 6 |  6.3
Axes           | 1 2 3 5 6 |  6.3
Maces & Flails | 1 2 3 5 6 |  6.3
Polearms       | 1 2 3 5 6 |  6.3
Staves         | 1 2 3 5 6 |  6.3
Ranged Weapons | 1 2 3 5 6 |  6.3
Throwing       | 1 2 3 5 6 |  6.3
Armour         | 1 2 3 5 6 |  6.3
Shields        | 1 2 3 5 6 |  6.3
Unarmed Combat | 1 2 3 5 6 |  6.3
Evocations     | 1 2 3 5 6 |  6.3
Shapeshifting  | 1 2 3 4 5 |  5.8
Hexes          | 1 2 3 4 5 |  5.2
Summonings     | 1 2 3 4 5 |  5.2
Necromancy     | 1 2 3 4 5 |  5.2
Translocations | 1 2 3 4 5 |  5.2
Fire Magic     | 1 2 3 4 5 |  5.2
Ice Magic      | 1 2 3 4 5 |  5.2
Air Magic      | 1 2 3 4 5 |  5.2
Earth Magic    | 1 2 3 4 5 |  5.2
Alchemy        | 1 2 3 4 5 |  5.2
Dodging        | 5 6 7 |  7.9
Stealth        | 5 6 7 |  7.7
Conjurations   | 8 9 |  9.0

Action                     |  1- 3 |  4- 6 |  7- 9 | 10-12 || total
---------------------------+-------+-------+-------+-------++-------
  Melee: Dagger            |    36 |    46 |     8 |       ||    90
         Bite              |     2 |     5 |     1 |       ||     8
         Staff             |       |     5 |     4 |     1 ||    10
         Punch             |       |     1 |       |       ||     1
   Cast: Magic Dart        |    36 |     9 |    26 |     9 ||    80
         Searing Ray       |     1 |    14 |    61 |    34 ||   110
         Iskenderun's Myst |       |       |     5 |     6 ||    11
         Fulminant Prism   |       |       |     5 |    26 ||    31
 Invoke: Channel Magic     |       |       |       |     4 ||     4
    Use: Scroll            |       |     6 |     2 |     3 ||    11
         Potion            |       |       |     6 |       ||     6
   Stab: Sleeping          |    12 |     7 |       |       ||    19
 Armour: Robe              |    10 |    20 |    51 |    34 ||   115
         Skin              |       |       |     6 |       ||     6
  Dodge: Dodged            |    18 |    20 |    30 |    36 ||   104
  Block: Other             |       |     8 |    13 |    14 ||    35
         Reflection        |       |       |     3 |       ||     3

Table legend: (Time is in decaauts)
 A = Elapsed time spent in this place.
 B = Non-inter-level travel time spent in this place.
 C = Inter-level travel time spent in this place.
 D = Time resting spent in this place.
 E = Time spent auto-exploring this place.
 F = Levels seen in this place.
 G = Mean time per level.
                   A        B        C        D        E       F      G
               +--------+--------+--------+--------+--------+-----+--------+
         Total |  11218 |  10700 |    518 |    593 |   8559 |  12 |  934.8 |
       Dungeon |  10820 |  10316 |    504 |    507 |   8332 |  10 | 1082.0 |
        Temple |     28 |     14 |     14 |      0 |      0 |   1 |   28.0 |
         Sewer |    369 |    369 |      0 |     86 |    227 |   1 |  369.0 |
               +--------+--------+--------+--------+--------+-----+--------+

Top non-repeatable levels by time:
     D:7: 1578 daAuts
     D:3: 1358 daAuts
     D:5: 1296 daAuts
     D:4: 1185 daAuts
    D:10: 1153 daAuts
     D:1: 1023 daAuts
     D:8: 897 daAuts
     D:2: 887 daAuts
     D:9: 758 daAuts
     D:6: 682 daAuts
   Sewer: 369 daAuts
  Temple: 28 daAuts
